[Event "50° Campionato Italiano Assoluto ASCID"]
[Site "Forni di Sopra (UD)"]
[Date "2023.09.06"]
[Round "5"]
[White "Badano, Giancarlo"]
[Black "Poli, Diego"]
[Result "1/2-1/2"]
[Board "1"]
[WhiteElo "1766"]
[BlackElo "1538"]
[TimeControl "40/6000+30:1200+30"]
[ECO "B92"]
[Opening "Sicilian"]
[Variation "Najdorf, Opovcensky variation"]
[PlyCount "63"]
[EventDate "2023.09.03"]
[EventRounds "7"]
[EventCountry "ITA"]
[Annotator "Bersca0.53"]

1. e4 c5 2. Nf3 d6 3. d4 cxd4 4. Nxd4 Nf6 5. Nc3 a6 6. Be2 e5 7. Nb3 Be7 8.
O-O Be6 9. Nd5 Nxe4 10. Be3 Nc5 11. c4 O-O 12. Bf3 f5 13. Nxe7+ Qxe7 14.
Bd5 Nbd7 15. Na5 Nf6 16. Bxc5 Bxd5 17. Bb4 b6 18. cxd5 bxa5 19. Bxa5 Qb7
20. Qd2 Rac8 21. Qb4 Qxb4 22. Bxb4 Nxd5 23. Bxd6 Rfe8 24. Rac1 Rcd8 25. Ba3
Re6 26. g3 Rde8 27. Rfd1 Nf6 28. Rc7 Kh8 29. Kf1 e4 30. Rdc1 e3 31. fxe3
Rxe3 32. Rc8 1/2-1/2

[Event "50° Campionato Italiano Assoluto ASCID"]
[Site "Forni di Sopra (UD)"]
[Date "2023.09.06"]
[Round "5"]
[White "Casadei, Marco"]
[Black "Vrioni, Bersan"]
[Result "0-1"]
[Board "2"]
[WhiteElo "2005"]
[BlackElo "1912"]
[TimeControl "40/6000+30:1200+30"]
[ECO "C53"]
[Opening "Giuoco piano"]
[Variation "Anderssen variation"]
[PlyCount "82"]
[EventDate "2023.09.03"]
[EventRounds "7"]
[EventCountry "ITA"]
[Annotator "Bersca0.53"]

1. e4 e5 2. Nf3 Nc6 3. Bc4 Bc5 4. c3 Nf6 5. d4 exd4 6. e5 d5 7. Bb5 Ne4 8.
cxd4 Bb4+ 9. Bd2 Nxd2 10. Nbxd2 Bd7 11. O-O O-O 12. Bd3 h6 13. a3 Bxd2 14.
Qxd2 Bg4 15. Bb5 Ne7 16. Qf4 Bf5 17. Nh4 Bh7 18. Qg3 Nf5 19. Nxf5 Bxf5 20.
Bd3 Bxd3 21. Qxd3 Qd7 22. f4 f5 23. Rac1 c6 24. b4 a5 25. b5 cxb5 26. Rc5
b4 27. axb4 axb4 28. Qb3 Rfd8 29. Qxb4 Qa4 30. Rb1 Rd7 31. Rc8+ Kh7 32.
Rxa8 Qxa8 33. e6 Rc7 34. Qd6 Qc8 35. e7 Rc1+ 36. Rxc1 Qxc1+ 37. Kf2 Qd2+
38. Kg3 Qe3+ 39. Kh4 g5+ 40. fxg5 Qxg5+ 41. Kh3 Qg4# 0-1

[Event "50° Campionato Italiano Assoluto ASCID"]
[Site "Forni di Sopra (UD)"]
[Date "2023.09.06"]
[Round "5"]
[White "Caputi, Giuliano"]
[Black "Pezzolato, Erica"]
[Result "1-0"]
[Board "3"]
[WhiteElo "1638"]
[BlackElo "1466"]
[TimeControl "40/6000+30:1200+30"]
[ECO "A48"]
[Opening "King's Indian"]
[Variation "East Indian defence"]
[PlyCount "81"]
[EventDate "2023.09.03"]
[EventRounds "7"]
[EventCountry "ITA"]
[Annotator "Bersca0.53"]

1. d4 Nf6 2. Nf3 g6 3. c4 Bg7 4. Nc3 O-O 5. g3 d6 6. Bg2 Be6 7. Ng5 Bc8 8.
e4 e5 9. d5 Nbd7 10. Qc2 c6 11. dxc6 bxc6 12. O-O Nb6 13. b3 Bd7 14. Rd1
Qc7 15. c5 dxc5 16. Ba3 Rfd8 17. Bxc5 Bf8 18. Bxf8 Rxf8 19. Nf3 Bg4 20. h3
Bxf3 21. Bxf3 Rad8 22. Nb5 Qb7 23. Nd6 Qc7 24. Nb5 Qb7 25. Nd6 Qc7 26. Nc4
Rd4 27. Ne3 Rfd8 28. Rac1 R8d6 29. Rxd4 Rxd4 30. Qxc6 Qxc6 31. Rxc6 Nxe4
32. Bxe4 Rxe4 33. Rc7 Rd4 34. Rxa7 Nd5 35. Nxd5 Rxd5 36. Kf1 Rd2 37. Ke1
Rc2 38. a3 Kg7 40. Ra5 f6 41. b5 1-0

[Event "50° Campionato Italiano Assoluto ASCID"]
[Site "Forni di Sopra (UD)"]
[Date "2023.09.06"]
[Round "5"]
[White "De Fazio, Monica"]
[Black "Ionata, Lorenzo"]
[Result "0-1"]
[Board "4"]
[WhiteElo "1020"]
[BlackElo "1038"]
[TimeControl "40/6000+30:1200+30"]
[ECO "D06"]
[Opening "QGD"]
[Variation "Marshall defence"]
[PlyCount "64"]
[EventDate "2023.09.03"]
[EventRounds "7"]
[EventCountry "ITA"]
[Annotator "Bersca0.53"]

1. d4 d5 2. c4 Nf6 3. cxd5 Nxd5 4. e4 Nf6 5. Nc3 Nc6 6. Nf3 Bg4 7. Be3 e6
8. Qc2 Bxf3 9. gxf3 Bb4 10. Rd1 O-O 11. Rg1 Nh5 12. Bg5 f6 13. Be3 Bd6 14.
h4 f5 15. exf5 Qxh4 16. Bg5 Qh2 17. Ne2 Bb4+ 18. Rd2 Nxd4 19. Qe4 Rad8 20.
Bxd8 Rxd8 21. Nxd4 e5 22. Bc4+ Kh8 23. Rg4 Bxd2+ 24. Kxd2 Rxd4+ 25. Qxd4
exd4 26. Rxd4 Qxf2+ 27. Kc3 Qxf3+ 28. Bd3 g6 29. Rd8+ Kg7 30. Rd7+ Kh6 31.
Rxc7 Nf4 32. Rd7 Qc6+ 0-1

[Event "50° Campionato Italiano Assoluto ASCID"]
[Site "Forni di Sopra (UD)"]
[Date "2023.09.06"]
[Round "5"]
[White "Vilone, Gennaro"]
[Black "Trapletti, Cosetta"]
[Result "1-0"]
[Board "5"]
[WhiteElo "1235"]
[BlackElo "1138"]
[TimeControl "40/6000+30:1200+30"]
[ECO "C23"]
[Opening "Bishop's opening"]
[Variation "Classical variation"]
[PlyCount "63"]
[EventDate "2023.09.03"]
[EventRounds "7"]
[EventCountry "ITA"]
[Annotator "Bersca0.53"]

1. e4 e5 2. Bc4 Bc5 3. Qf3 Qf6 4. d3 Ne7 5. Qxf6 gxf6 6. Bh6 Rg8 7. g3 d6
8. Nd2 Bg4 9. f3 Bh5 10. g4 Bg6 11. O-O-O f5 12. gxf5 Bh5 13. Ne2 Rg2 14.
Ng3 Rxd2 15. Bxd2 Bxf3 16. a3 Bxh1 17. Rxh1 Nbc6 18. c3 a5 19. Nh5 O-O-O
20. Bxf7 Kb8 21. h4 b5 22. Ng7 Rf8 23. Ba2 b4 24. cxb4 axb4 25. axb4 Nxb4
26. Bc4 Nec6 27. Ne6 Bb6 28. Nxf8 Nd4 29. Nxh7 Ne2+ 30. Kb1 c5 31. f6 d5
32. Ba2 1-0

[Event "50° Campionato Italiano Assoluto ASCID"]
[Site "Forni di Sopra (UD)"]
[Date "2023.09.06"]
[Round "5"]
[White "Cassano, Mariangela"]
[Black "Parravano, Luca"]
[Result "0-1"]
[Board "6"]
[WhiteElo "999"]
[BlackElo "999"]
[TimeControl "40/6000+30:1200+30"]
[ECO "C20"]
[Opening "King's pawn game"]
[PlyCount "63"]
[EventDate "2023.09.03"]
[EventRounds "7"]
[EventCountry "ITA"]
[Annotator "Bersca0.53"]

1. e4 e5 2. Be2 Bc5 3. d3 Nf6 4. Nf3 O-O 5. O-O d6 6. a3 Nc6 7. Nbd2 Nd4 8.
c3 Nxe2+ 9. Qxe2 h6 10. c4 a6 11. b3 b5 12. Bb2 bxc4 13. Nxc4 Bg4 14. h3
Bxf3 15. Qxf3 Re8 16. Rfe1 Rb8 17. Na5 Qd7 18. Qe2 Rb5 19. Nc4 Bd4 20. Bxd4
exd4 21. a4 Rxb3 22. Qd1 Rbb8 23. f3 Re7 24. Qd2 d5 25. Re3 dxc4 26. Re2 c3
27. Qc2 Ne8 28. a5 c5 29. Ra4 Rb4 30. Qa2 Rxa4 31. Rb2 Rxa2 32. Rxa2 0-1

[Event "50° Campionato Italiano Assoluto ASCID"]
[Site "Forni di Sopra (UD)"]
[Date "2023.09.07"]
[Round "6"]
[White "Badano, Giancarlo"]
[Black "Caputi, Giuliano"]
[Result "1/2-1/2"]
[Board "1"]
[WhiteElo "1766"]
[BlackElo "1638"]
[TimeControl "40/6000+30:1200+30"]
[ECO "B13"]
[Opening "Caro-Kann"]
[Variation "exchange, Rubinstein variation"]
[PlyCount "62"]
[EventDate "2023.09.03"]
[EventRounds "7"]
[EventCountry "ITA"]
[Annotator "Bersca0.53"]

1. e4 c6 2. d4 d5 3. exd5 cxd5 4. Bd3 Nc6 5. c3 Nf6 6. Bf4 g6 7. Nf3 Bg7 8.
O-O O-O 9. h3 Ne4 10. Nbd2 f5 11. Re1 e6 12. Ne5 Nxe5 13. Bxe5 Bxe5 14.
dxe5 Qb6 15. Re2 Bd7 16. Nf3 Rac8 17. Nd4 a6 18. Qb3 Qc7 19. Rd1 b5 20. f3
Ng3 21. Ree1 Qd8 22. Qc2 Qb6 23. Qf2 f4 24. a3 Rb8 25. Nb3 Qxf2+ 26. Kxf2
Kf7 27. Nc5 Bc8 28. Rd2 a5 29. b4 a4 30. Bc2 Ke7 31. Rd4 Bd7 1/2-1/2

[Event "50° Campionato Italiano Assoluto ASCID"]
[Site "Forni di Sopra (UD)"]
[Date "2023.09.07"]
[Round "6"]
[White "Vrioni, Bersan"]
[Black "Vilone, Gennaro"]
[Result "1-0"]
[Board "2"]
[WhiteElo "1912"]
[BlackElo "1235"]
[TimeControl "40/6000+30:1200+30"]
[ECO "C57"]
[Opening "Two knights defence"]
[PlyCount "85"]
[EventDate "2023.09.03"]
[EventRounds "7"]
[EventCountry "ITA"]
[Annotator "Bersca0.53"]

1. e4 e5 2. Nf3 Nc6 3. Bc4 Nf6 4. Ng5 d5 5. exd5 Nxd5 6. Qf3 Qxg5 7. Bxd5
Qg6 8. Bxc6+ Qxc6 9. Qxc6+ bxc6 10. O-O Bc5 11. d3 O-O 12. Be3 Bb6 13. Nc3
Bb7 14. Na4 f5 15. Bc5 Rf6 16. Rfe1 Re8 17. Re2 Rfe6 18. Rae1 g6 19. b3 Kf7
20. f3 h5 21. Kf1 Ba6 22. c4 Kf6 23. Bb4 Bd4 24. Bc5 Bc8 25. b4 a6 26. Bxd4
exd4 27. f4 Re3 28. Rxe3 dxe3 29. h4 Bb7 30. Nc5 Bc8 31. Ke2 Re7 32. Kf3 e2
33. Rxe2 Rxe2 34. Kxe2 Ke7 35. Ke3 Kd6 36. Kd4 Ke7 37. Ke5 Kf7 38. d4 Ke7
39. a4 Kf7 40. d5 cxd5 41. Kxd5 Ke7 42. Kc6 Kd8 43. a5 1-0

[Event "50° Campionato Italiano Assoluto ASCID"]
[Site "Forni di Sopra (UD)"]
[Date "2023.09.07"]
[Round "6"]
[White "Poli, Diego"]
[Black "Casadei, Marco"]
[Result "0-1"]
[Board "3"]
[WhiteElo "1538"]
[BlackElo "2005"]
[TimeControl "40/6000+30:1200+30"]
[ECO "A45"]
[Opening "Queen's pawn game"]
[PlyCount "74"]
[EventDate "2023.09.03"]
[EventRounds "7"]
[EventCountry "ITA"]
[Annotator "Bersca0.53"]

1. d4 Nf6 2. Nc3 d5 3. Bf4 g6 4. e3 Bg7 5. Be2 O-O 6. h4 c5 7. Nb5 Nc6 8.
h5 a6 9. Nc7 e5 10. dxe5 Qxc7 11. exf6 Qa5+ 12. Kf1 Bxf6 13. hxg6 hxg6 14.
c3 d4 15. Qc2 dxc3 16. bxc3 Bf5 17. Qb3 Qxc3 18. Qxc3 Bxc3 19. Rc1 Bb4 20.
Bd6 Rfc8 21. Rc4 b5 22. Rch4 c4 23. Bf3 Bxd6 24. Bxc6 Rxc6 25. Rh8+ Kg7 26.
Rxa8 c3 27. Ne2 Bd3 28. Ke1 c2 29. Kd2 Bxe2 30. Kxe2 Ba3 31. Kd2 c1=Q+ 32.
Rxc1 Bxc1+ 33. Kd3 Bb2 34. g4 Rc3+ 35. Ke4 Ra3 36. f4 Rxa2 37. Kd5 Bc1 0-1

[Event "50° Campionato Italiano Assoluto ASCID"]
[Site "Forni di Sopra (UD)"]
[Date "2023.09.07"]
[Round "6"]
[White "Ionata, Lorenzo"]
[Black "Parravano, Luca"]
[Result "0-1"]
[Board "4"]
[WhiteElo "1038"]
[BlackElo "999"]
[TimeControl "40/6000+30:1200+30"]
[ECO "C50"]
[Opening "Hungarian defence"]
[PlyCount "70"]
[EventDate "2023.09.03"]
[EventRounds "7"]
[EventCountry "ITA"]
[Annotator "Bersca0.53"]

1. e4 e5 2. Nf3 Nc6 3. Bc4 Be7 4. d3 h6 5. Nc3 Nf6 6. Be3 d6 7. O-O Bd7 8.
d4 exd4 9. Nxd4 Nxd4 10. Bxd4 Bc6 11. Re1 O-O 12. Qf3 a6 13. Be3 b5 14. Be2
d5 15. e5 Ne4 16. Nxe4 dxe4 17. Qg3 Bh4 18. Qg4 Bg5 19. Rad1 Qc8 20. Qg3
Bxe3 21. fxe3 Qf5 22. Rf1 Qe6 23. Bh5 Rae8 24. Rf4 Qxe5 25. Qg6 fxg6 26.
Bxg6 Rb8 27. Rd7 Bxd7 28. c3 Rxf4 29. exf4 Qxf4 30. Bh5 Qe3+ 31. Kf1 Rf8+
32. Bf3 exf3 33. h3 fxg2+ 34. Kxg2 Qf2+ 35. Kh1 Bc6# 0-1

[Event "50° Campionato Italiano Assoluto ASCID"]
[Site "Forni di Sopra (UD)"]
[Date "2023.09.07"]
[Round "6"]
[White "De Fazio, Monica"]
[Black "Bellati, Fabio"]
[Result "1/2-1/2"]
[Board "5"]
[WhiteElo "1020"]
[BlackElo "1129"]
[TimeControl "40/6000+30:1200+30"]
[ECO "D30"]
[Opening "Queen's gambit declined"]
[PlyCount "53"]
[EventDate "2023.09.03"]
[EventRounds "7"]
[EventCountry "ITA"]
[Annotator "Bersca0.53"]

1. d4 d5 2. c4 e6 3. Nf3 c5 4. cxd5 exd5 5. Nc3 Nf6 6. Bg5 Be7 7. g3 Nc6 8.
Bg2 O-O 9. Bxf6 Bxf6 10. e3 Re8 11. O-O Bg4 12. Ne2 Qb6 13. dxc5 Qxc5 14.
Rc1 Qd6 15. Ned4 Ne5 16. b3 Rac8 17. Qd2 Rxc1 18. Rxc1 Nxf3+ 19. Nxf3 Bxf3
20. Bxf3 d4 21. Bxb7 h6 22. Rc4 Rd8 23. Ra4 dxe3 24. Qxd6 exf2+ 25. Kxf2
Rxd6 26. Rxa7 Rd7 27. Ra8+ 1/2-1/2

[Event "50° Campionato Italiano Assoluto ASCID"]
[Site "Forni di Sopra (UD)"]
[Date "2023.09.07"]
[Round "6"]
[White "Trapletti, Cosetta"]
[Black "Cassano, Mariangela"]
[Result "1-0"]
[Board "6"]
[WhiteElo "1138"]
[BlackElo "999"]
[TimeControl "40/6000+30:1200+30"]
[ECO "D00"]
[Opening "Queen's pawn, Mason variation"]
[PlyCount "42"]
[EventDate "2023.09.03"]
[EventRounds "7"]
[EventCountry "ITA"]
[Annotator "Bersca0.53"]

1. d4 d5 2. Bf4 Nf6 3. e3 Bf5 4. c4 e6 5. Nc3 Be7 6. Be2 O-O 7. Nf3 a6 8.
O-O c6 9. a3 Nbd7 10. Ne5 Nb6 11. a4 Bd6 12. a5 Nc8 13. h3 Qxa5 14. Rxa5 b6
15. Ra4 b5 16. Ra1 bxc4 17. Qa4 Nb6 18. Qxc6 Rac8 19. Qxd6 Rfd8 20. Qxb6
Ra8 21. Rxa6 Ne4 1-0

[Event "50° Campionato Italiano Assoluto ASCID"]
[Site "Forni di Sopra (UD)"]
[Date "2023.09.08"]
[Round "7"]
[White "Casadei, Marco"]
[Black "Badano, Giancarlo"]
[Result "1-0"]
[Board "1"]
[WhiteElo "2005"]
[BlackElo "1766"]
[TimeControl "40/6000+30:1200+30"]
[ECO "C18"]
[Opening "French"]
[Variation "Winawer, classical variation"]
[PlyCount "77"]
[EventDate "2023.09.03"]
[EventRounds "7"]
[EventCountry "ITA"]
[Annotator "Bersca0.53"]

1. e4 e6 2. d4 d5 3. Nc3 Bb4 4. e5 c5 5. a3 Bxc3+ 6. bxc3 Qc7 7. Qg4 f5 8.
Qg3 Nc6 9. Bb5 cxd4 10. cxd4 a6 11. Bxc6+ bxc6 12. Ne2 Kf7 13. Nf4 c5 14.
Qc3 c4 15. h4 Ne7 16. a4 Nc6 17. Ba3 Qa5 18. Kd2 Qxc3+ 19. Kxc3 Rb8 20. Bd6
Rb7 21. Rhb1 Rd8 22. Rxb7+ Bxb7 23. Rb1 Rd7 24. Rb6 g6 25. f3 a5 26. g4
fxg4 27. fxg4 Nd8 28. Rb5 Nc6 29. Nh3 h6 30. g5 h5 31. Rb1 Kg7 32. Rf1 Rf7
33. Rf6 Bc8 34. Nf4 Rxf6 35. gxf6+ Kg8 36. Nxg6 Bd7 37. Nf4 Nd8 38. Bc7
Bxa4 39. Bxa5 1-0

[Event "50° Campionato Italiano Assoluto ASCID"]
[Site "Forni di Sopra (UD)"]
[Date "2023.09.08"]
[Round "7"]
[White "Parravano, Luca"]
[Black "Vrioni, Bersan"]
[Result "0-1"]
[Board "2"]
[WhiteElo "999"]
[BlackElo "1912"]
[TimeControl "40/6000+30:1200+30"]
[ECO "D00"]
[Opening "Queen's pawn, Mason variation"]
[PlyCount "78"]
[EventDate "2023.09.03"]
[EventRounds "7"]
[EventCountry "ITA"]
[Annotator "Bersca0.53"]

1. d4 d5 2. Bf4 Nf6 3. e3 Nbd7 4. Nf3 Nh5 5. Bg3 Nxg3 6. hxg3 Nf6 7. Nbd2
e6 8. Bd3 c5 9. c3 Bd6 10. Bb5+ Bd7 11. Bxd7+ Nxd7 12. Qc2 h6 13. O-O-O c4
14. e4 O-O 15. e5 Be7 16. Rh5 Re8 17. Rdh1 b5 18. a3 a5 19. g4 b4 20. axb4
axb4 21. Nb1 b3 22. Qd2 Ra1 23. g5 Qa5 24. gxh6 g6 25. h7+ Kh8 26. R5h3 Ra8
27. Qe2 Rxb1+ 28. Kd2 Rxb2+ 29. Ke3 Qxc3+ 30. Kf4 Rxe2 31. Kg3 b2 32. Kh2
Ra1 33. Ng1 Qxh3+ 34. gxh3 Ree1 35. h4 b1=Q 36. Nf3 Rxh1+ 37. Kg2 Qe4 38.
Kg3 Ra3 39. Kg2 Qxf3# 0-1

[Event "50° Campionato Italiano Assoluto ASCID"]
[Site "Forni di Sopra (UD)"]
[Date "2023.09.08"]
[Round "7"]
[White "Caputi, Giuliano"]
[Black "Poli, Diego"]
[Result "1-0"]
[Board "3"]
[WhiteElo "1638"]
[BlackElo "1538"]
[TimeControl "40/6000+30:1200+30"]
[ECO "A46"]
[Opening "Queen's pawn game"]
[PlyCount "99"]
[EventDate "2023.09.03"]
[EventRounds "7"]
[EventCountry "ITA"]
[Annotator "Bersca0.53"]

1. d4 Nf6 2. Nf3 e6 3. c4 d5 4. g3 Be7 5. Bg2 O-O 6. O-O c5 7. cxd5 exd5 8.
b3 cxd4 9. Nxd4 Nc6 10. Bb2 Qb6 11. h3 Rd8 12. e3 Ne4 13. Nd2 Bf6 14. N2f3
Rd6 15. Qe2 Nxd4 16. Nxd4 Bd7 17. Rfc1 Qd8 18. Rc2 Bxd4 19. Bxd4 Rc6 20.
Rxc6 bxc6 21. Bxe4 dxe4 22. Kh2 Qc8 23. Qh5 Bf5 24. Qg5 Bg6 25. Rc1 Qe6 26.
Qe5 Qxe5 27. Bxe5 Rc8 28. Bd4 a6 29. Rc5 f6 30. Ra5 Ra8 31. g4 Be8 32. Kg3
Bg6 33. Kf4 Kf7 34. b4 Ke6 35. a4 Kd6 36. b5 cxb5 37. axb5 Bf7 38. bxa6 Bc4
39. a7 Bd3 40. h4 Ke6 41. g5 fxg5+ 42. Kxg5 Kf7 43. Be5 h6+ 44. Kf4 g6 45.
Bb8 Ke6 46. Re5+ Kf6 47. Rxe4 g5+ 48. hxg5+ hxg5+ 49. Kf3 Kf5 50. Rd4 1-0

[Event "50° Campionato Italiano Assoluto ASCID"]
[Site "Forni di Sopra (UD)"]
[Date "2023.09.08"]
[Round "7"]
[White "Pezzolato, Erica"]
[Black "Ionata, Lorenzo"]
[Result "1-0"]
[Board "4"]
[WhiteElo "1466"]
[BlackElo "1038"]
[TimeControl "40/6000+30:1200+30"]
[ECO "A20"]
[Opening "English, Nimzovich variation"]
[PlyCount "111"]
[EventDate "2023.09.03"]
[EventRounds "7"]
[EventCountry "ITA"]
[Annotator "Bersca0.53"]

1. c4 e5 2. Nf3 Nc6 3. d3 Nf6 4. g3 d5 5. cxd5 Qxd5 6. Nc3 Bb4 7. Bd2 Bxc3
8. Bxc3 e4 9. dxe4 Qxd1+ 10. Kxd1 Nxe4 11. Ke1 Nxc3 12. bxc3 O-O 13. Nd4
Re8 14. Bg2 Nxd4 15. cxd4 Rb8 16. Kd2 Bg4 17. e3 b6 18. Rac1 c5 19. dxc5
Rbd8+ 20. Kc3 Rc8 21. Kb4 a5+ 22. Kb5 Rxc5+ 23. Rxc5 bxc5 24. Kxc5 Rc8+ 25.
Kb5 a4 26. Kxa4 Bd7+ 27. Kb4 Rb8+ 28. Kc3 Kf8 29. f4 Rb5 30. Rd1 Be6 31.
Rd2 Rc5+ 32. Kb4 Rc4+ 33. Kb5 Ke7 34. Bd5 Bxd5 35. Rxd5 Rc2 36. a4 Ke6 37.
Rc5 Rb2+ 38. Kc6 Rd2 39. Re5+ Kf6 40. a5 Rc2+ 41. Kb6 Rxh2 42. a6 Ra2 43.
a7 g6 44. Rb5 h5 45. Kb7 Rxa7+ 46. Kxa7 Ke6 47. Kb6 Kf6 48. e4 Kg7 49. Kc6
f6 50. Kd6 Kh6 51. e5 fxe5 52. fxe5 g5 53. e6 h4 54. gxh4 gxh4 55. e7 h3
56. e8=Q 1-0

[Event "50° Campionato Italiano Assoluto ASCID"]
[Site "Forni di Sopra (UD)"]
[Date "2023.09.08"]
[Round "7"]
[White "Bellati, Fabio"]
[Black "Trapletti, Cosetta"]
[Result "1-0"]
[Board "5"]
[WhiteElo "1129"]
[BlackElo "1138"]
[TimeControl "40/6000+30:1200+30"]
[ECO "C53"]
[Opening "Giuoco piano"]
[PlyCount "93"]
[EventDate "2023.09.03"]
[EventRounds "7"]
[EventCountry "ITA"]
[Annotator "Bersca0.53"]

1. e4 e5 2. Nf3 Nc6 3. Bc4 Bc5 4. c3 d6 5. d4 exd4 6. cxd4 Bb4+ 7. Bd2
Bxd2+ 8. Qxd2 Bg4 9. Qf4 Nf6 10. O-O Nb4 11. Nc3 Nd3 12. Bxd3 Qd7 13. Rfe1
Bh5 14. Rad1 O-O-O 15. e5 dxe5 16. dxe5 Nd5 17. Nxd5 Qxd5 18. Bf5+ Kb8 19.
Rxd5 Rxd5 20. h3 f6 21. Qb4 Bf7 22. Be4 b6 23. Bxd5 Bxd5 24. Rd1 Bxa2 25.
Qe7 Rc8 26. Rd8 Kb7 27. Rxc8 Kxc8 28. exf6 gxf6 29. Qxf6 Bb3 30. Nd4 Bc4
31. f4 Kd7 32. Qc6+ Ke7 33. Qxc4 Kf6 34. Qa6 c5 35. Nb5 Kf5 36. g3 h5 37.
Kg2 c4 38. h4 Ke4 39. Qxa7 Kd3 40. Qxb6 Kd2 41. Na3 c3 42. bxc3 Kxc3 43. f5
Kd3 44. f6 Ke4 45. f7 Kf5 46. f8=Q+ Kg4 47. Qf4# 1-0

[Event "50° Campionato Italiano Assoluto ASCID"]
[Site "Forni di Sopra (UD)"]
[Date "2023.09.08"]
[Round "7"]
[White "Cassano, Mariangela"]
[Black "De Fazio, Monica"]
[Result "0-1"]
[Board "6"]
[WhiteElo "999"]
[BlackElo "1020"]
[TimeControl "40/6000+30:1200+30"]
[ECO "A45"]
[Opening "Queen's pawn game"]
[PlyCount "52"]
[EventDate "2023.09.03"]
[EventRounds "7"]
[EventCountry "ITA"]
[Annotator "Bersca0.53"]

1. d4 Nf6 2. Bf4 d5 3. e3 e6 4. Nf3 c5 5. Bb5+ Bd7 6. Bd3 Nc6 7. O-O Qb6 8.
Nbd2 cxd4 9. exd4 Nxd4 10. Nxd4 Qxd4 11. Nf3 Qxf4 12. g3 Qc7 13. Be2 Bd6
14. c3 O-O 15. Qc2 a6 16. Bd3 Bb5 17. b4 Bxd3 18. Qxd3 Rac8 19. a3 Qxc3 20.
Qxc3 Rxc3 21. Ne1 Rfc8 22. Rb1 Rxa3 23. Nc2 Rxc2 24. Rfc1 Rac3 25. Kg2 Rxc1
26. Rxc1 Rxc1 0-1